[Event "Ch FRA 2024 Open A"]
[Site "ALPE D'HUEZ, France"]
[Date "2024.08.20"]
[Round "4.3"]
[White "DELADErRIERE, Apollo"]
[Black "MATHEZ, Florian"]
[Result "1/2-1/2"]
[ECO "C45"]
[WhiteElo "2088"]
[BlackElo "2191"]
[PlyCount "60"]
[EventDate "2024.??.??"]
[TimeControl "90/40+30:0"]

1. e4 {2} e5 {5} 2. Nf3 {3} Nc6 {5} 3. d4 {4} exd4 {4} 4. Nxd4 {6} Nf6 {5} 5.
Nxc6 {7} bxc6 {5} 6. e5 {5} Qe7 {4} 7. Qe2 {4} Nd5 {7} 8. g3 {5} g6 {1201} 9.
Bg2 {6} Bg7 {33} 10. O-O {7} O-O {10} 11. Re1 {5} Re8 {228} 12. c4 {6} Nb6 {134
} 13. Na3 {693} Ba6 {458} 14. Qc2 {69} Qc5 {632} 15. b3 {6} Bxe5 {395} 16. Bb2
{5} Bxb2 {335} 17. Qxb2 {27} d5 {34} 18. b4 {1408} Qf8 {315} 19. b5 {126} Bb7 {
384} 20. bxc6 {121} Bxc6 {136} 21. Rxe8 {594} Qxe8 {600} 22. c5 {222} Nc4 {292}
23. Nxc4 {25} dxc4 {5} 24. Bxc6 {72} Qxc6 {5} 25. Qd4 {11} Qe6 {90} 26. Rc1 {94
} Rb8 {16} 27. Qxc4 {18} Rb1 {17} 28. Qc2 {58} Rxc1+ {5} 29. Qxc1 {3} Qxa2 {19}
30. Qd1 {25} Qa5 {105} 1/2-1/2

[Event "Ch FRA 2024 Open A"]
[Site "ALPE D'HUEZ, France"]
[Date "2024.08.20"]
[Round "4.4"]
[White "RATIER-FONTANA, Matteo"]
[Black "MAYANS CALVO, Mariano"]
[Result "1-0"]
[ECO "A08"]
[WhiteElo "2088"]
[BlackElo "2159"]
[PlyCount "111"]
[EventDate "2024.??.??"]
[TimeControl "90/40+30:0"]

1. Nf3 {2} d5 {465} 2. g3 {34} c5 {72} 3. Bg2 {6} Nf6 {175} 4. O-O {8} Nc6 {63}
5. d4 {6} cxd4 {68} 6. Nxd4 {7} Bd7 {165} 7. c4 {136} e5 {86} 8. Nxc6 {20} Bxc6
{27} 9. cxd5 {184} Nxd5 {640} 10. Qb3 {204} Nb6 {273} 11. Rd1 {224} Qf6 {83}
12. Nc3 {96} Bxg2 {337} 13. Kxg2 {6} Qc6+ {86} 14. e4 {150} Bc5 {165} 15. a4 {
251} Bd4 {322} 16. a5 {1179} Bxc3 {78} 17. bxc3 {25} Nc4 {103} 18. Ba3 {1105}
Rd8 {0} 19. Qb4 {147} Nxa3 {81} 20. Rxd8+ {13} Kxd8 {11} 21. Rxa3 {15} Kc8 {118
} 22. a6 {93} b6 {342} 23. Ra4 {458} Rd8 {247} 24. Qe7 {140} Rd2 {500} 25. Qf8+
{311} Kc7 {113} 26. Qe7+ {367} Kc8 {14} 27. Rb4 {185} Qxc3 {498} 28. Qe8+ {36}
Rd8 {183} 29. Qxf7 {37} Rd4 {14} 30. Rb5 {319} Qc7 {69} 31. Qg8+ {10} Rd8 {15}
32. Qxh7 {26} Rf8 {25} 33. Qh3+ {222} Qd7 {55} 34. Qxd7+ {21} Kxd7 {0} 35. Rxe5
{4} Rb8 {29} 36. Kf3 {233} b5 {19} 37. Ke3 {7} Kd6 {11} 38. Rg5 {21} b4 {36}
39. Kd2 {37} b3 {32} 40. Kc1 {5} Rb4 {35} 41. f3 {67} b2+ {391} 42. Kb1 {5} Rb3
{39} 43. f4 {28} Rb4 {65} 44. Rxg7 {66} Rxe4 {15} 45. Rxa7 {29} Re1+ {77} 46.
Kxb2 {5} Re2+ {8} 47. Kb3 {19} Rxh2 {21} 48. Rg7 {10} Rh1 {70} 49. Kc4 {34} Ke6
{61} 50. a7 {30} Rc1+ {110} 51. Kb5 {50} Ra1 {34} 52. Rg6+ {2} Kd5 {17} 53. Ra6
{39} Rb1+ {20} 54. Ka5 {5} Kc5 {140} 55. Rc6+ {4} Kd5 {35} 56. Rc7 {11} 1-0

[Event "Ch FRA 2024 Open A"]
[Site "ALPE D'HUEZ, France"]
[Date "2024.08.21"]
[Round "5.1"]
[White "KOLLAR, Romain"]
[Black "FOURNIER, Loic"]
[Result "1-0"]
[ECO "B38"]
[WhiteElo "2200"]
[BlackElo "2098"]
[PlyCount "139"]
[EventDate "2024.??.??"]
[TimeControl "90/40+30:0"]

1. e4 {4} c5 {5} 2. Nf3 {6} Nc6 {5} 3. d4 {13} cxd4 {5} 4. Nxd4 {6} g6 {6} 5.
c4 {11} Bg7 {4} 6. Be3 {6} Qb6 {3} 7. Nb5 {576} Qd8 {5} 8. N1c3 {44} Nf6 {3} 9.
Be2 {109} O-O {16} 10. O-O {7} d6 {3} 11. Nd4 {83} Bd7 {155} 12. f4 {13} Ng4 {
571} 13. Bxg4 {335} Bxd4 {129} 14. Bxd4 {35} Bxg4 {19} 15. Qxg4 {192} Nxd4 {2}
16. Rad1 {344} f5 {1032} 17. Qh3 {619} Ne6 {803} 18. Kh1 {253} Qe8 {389} 19.
Rde1 {298} Nc7 {581} 20. exf5 {4812} Rxf5 {11} 21. Qh4 {30} e6 {276} 22. Ne4 {
72} Qd8 {117} 23. Qh3 {909} Qe7 {386} 24. Qa3 {378} Ne8 {274} 25. Ng3 {391} Rf7
{314} 26. f5 {20} e5 {19} 27. fxg6 {44} hxg6 {1} 28. Qd3 {120} Qe6 {226} 29.
Rxf7 {85} Qxf7 {55} 30. Rf1 {28} Qe6 {42} 31. Ne4 {17} Kg7 {376} 32. Ng5 {54}
Qg4 {77} 33. Rf7+ {37} Kh6 {17} 34. Qd2 {21} Qxg5 {83} 35. Rh7+ {9} Kxh7 {2}
36. Qxg5 {5} Ng7 {38} 37. c5 {132} dxc5 {130} 38. Qxe5 {7} Re8 {7} 39. Qc3 {71}
b5 {0} 40. Kg1 {115} c4 {79} 41. Qa5 {76} Re2 {282} 42. Qxb5 {245} Nf5 {20} 43.
Kf1 {330} Rc2 {73} 44. Ke1 {682} Kh6 {120} 45. g4 {624} Rc1+ {262} 46. Kf2 {24}
Rc2+ {2} 47. Kg1 {70} Ne3 {205} 48. Qe8 {266} Rg2+ {447} 49. Kh1 {8} Re2 {0}
50. Qh8+ {123} Kg5 {1} 51. Qe5+ {39} Kh6 {48} 52. Qh8+ {18} Kg5 {1} 53. Qe5+ {2
} Kh6 {2} 54. Qf4+ {64} Kg7 {177} 55. h4 {86} Kh7 {249} 56. Qf3 {60} Re1+ {16}
57. Kh2 {1} a5 {170} 58. a4 {34} Nd1 {177} 59. g5 {85} Ne3 {96} 60. Qf7+ {27}
Kh8 {1} 61. Qf8+ {8} Kh7 {1} 62. Qh6+ {6} Kg8 {2} 63. Qxg6+ {5} Kh8 {34} 64.
Qh5+ {139} Kg7 {8} 65. g6 {63} Kf6 {34} 66. Qg5+ {72} Kg7 {18} 67. h5 {55} Re2+
{5} 68. Kg1 {10} Nc2 {91} 69. h6+ {15} Kf8 {12} 70. Qd8+ {17} 1-0

[Event "Ch FRA 2024 Open A"]
[Site "ALPE D'HUEZ, France"]
[Date "2024.08.21"]
[Round "5.2"]
[White "ZOUNANI, Yacine"]
[Black "RACHID, Alexandre"]
[Result "0-1"]
[ECO "E20"]
[WhiteElo "2127"]
[BlackElo "2167"]
[PlyCount "88"]
[EventDate "2024.??.??"]
[TimeControl "90/40+30:0"]

1. d4 {184} Nf6 {10} 2. c4 {10} e6 {4} 3. Nc3 {10} Bb4 {4} 4. f3 {7} c5 {15} 5.
d5 {7} d6 {33} 6. e4 {12} O-O {12} 7. Bd3 {56} b5 {92} 8. dxe6 {797} fxe6 {20}
9. a3 {1295} bxc4 {998} 10. Bc2 {546} Ba5 {759} 11. Bg5 {156} Nc6 {154} 12. Nh3
{116} Rb8 {39} 13. O-O {186} Rxb2 {101} 14. Na4 {7} Rb8 {937} 15. f4 {22} Qc7 {
5135} 16. Rc1 {185} Nd4 {271} 17. Bb1 {247} Bd7 {129} 18. e5 {176} Bxa4 {310}
19. Qxa4 {58} Ne2+ {3} 20. Kh1 {22} Nxc1 {6} 21. Rxc1 {36} dxe5 {677} 22. Qxc4
{144} Nd5 {149} 23. f5 {45} Rxb1 {336} 24. Rxb1 {53} Rxf5 {4} 25. Qa6 {508} Bb6
{48} 26. a4 {47} Nb4 {120} 27. Qc4 {26} Qc6 {30} 28. Bd2 {119} Qd5 {24} 29. Qe2
{177} e4 {79} 30. Nf4 {60} Qa2 {67} 31. Rf1 {75} Qxa4 {275} 32. Nxe6 {156}
Rxf1+ {26} 33. Qxf1 {4} Qe8 {22} 34. Qc4 {39} Qd7 {73} 35. Nxc5+ {561} Qd5 {3}
36. Qxd5+ {78} Nxd5 {5} 37. Nxe4 {3} a5 {46} 38. Nd6 {265} a4 {5} 39. Nc4 {14}
Bc5 {40} 40. Bc1 {25} Kf7 {20} 41. g4 {31} Nb6 {35} 42. Nxb6 {282} Bxb6 {4} 43.
Bb2 {72} Bd8 {111} 44. Kg2 {35} Be7 {13} 0-1

[Event "Ch FRA 2024 Open A"]
[Site "ALPE D'HUEZ, France"]
[Date "2024.08.21"]
[Round "5.3"]
[White "ORIEUX, Etienne"]
[Black "PROFILI, Emilio"]
[Result "1-0"]
[ECO "B22"]
[WhiteElo "2138"]
[BlackElo "2097"]
[PlyCount "113"]
[EventDate "2024.??.??"]
[TimeControl "90/40+30:0"]

1. e4 {2} c5 {11} 2. c3 {14} d5 {80} 3. exd5 {7} Qxd5 {9} 4. d4 {8} Nc6 {60} 5.
Nf3 {7} Bf5 {118} 6. Be3 {35} Nf6 {118} 7. dxc5 {49} Qxd1+ {28} 8. Kxd1 {7}
O-O-O+ {10} 9. Kc1 {11} e5 {366} 10. Bc4 {126} Ng4 {762} 11. b4 {94} Nxe3 {280}
12. fxe3 {6} Be7 {374} 13. Nbd2 {196} g5 {259} 14. Nb3 {1469} g4 {820} 15. Nfd2
{26} Bg5 {492} 16. Re1 {130} Bg6 {32} 17. Kb2 {94} Ne7 {7} 18. Bf1 {5161} a5 {
483} 19. bxa5 {325} f5 {195} 20. a6 {418} Bf6 {70} 21. axb7+ {261} Kxb7 {1} 22.
Nc4 {34} Nc8 {84} 23. Rad1 {63} Bf7 {56} 24. Nca5+ {312} Kc7 {18} 25. Bc4 {7}
Bg6 {74} 26. a4 {373} Ne7 {63} 27. Bb5 {215} Bf7 {166} 28. Rd6 {254} Bxb3 {351}
29. Kxb3 {56} Rxd6 {17} 30. cxd6+ {5} Kxd6 {7} 31. Rd1+ {9} Kc5 {9} 32. Nb7+ {
60} Kb6 {7} 33. Rd6+ {7} Kxb7 {5} 34. Rxf6 {6} Kc7 {123} 35. Kc4 {246} Rd8 {18}
36. Rf7 {36} Kd6 {1} 37. Rxh7 {79} Rc8+ {9} 38. Kd3 {164} Nd5 {28} 39. Rh6+ {
402} Kc5 {2} 40. Bd7 {180} e4+ {304} 41. Kd2 {102} Rc7 {0} 42. Bxf5 {18} Nb6 {8
} 43. Bxe4 {167} Nxa4 {2} 44. Rg6 {74} Rf7 {95} 45. Kc2 {257} Kc4 {257} 46.
Bd3+ {36} Kd5 {2} 47. Rg5+ {54} Kd6 {15} 48. Rxg4 {142} Rf2+ {34} 49. Kb3 {13}
Nc5+ {2} 50. Kc4 {7} Nd7 {4} 51. Kd4 {84} Nc5 {30} 52. e4 {135} Ne6+ {36} 53.
Ke3 {6} Rb2 {5} 54. h4 {77} Rb3 {32} 55. e5+ {140} Kc5 {75} 56. h5 {125} Nf8 {
174} 57. Ke4 {3} 1-0

[Event "Ch FRA 2024 Open A"]
[Site "ALPE D'HUEZ, France"]
[Date "2024.08.21"]
[Round "5.4"]
[White "EL MCHAOURI MAS, Younes"]
[Black "RATIER-FONTANA, Matteo"]
[Result "0-1"]
[ECO "B06"]
[WhiteElo "2111"]
[BlackElo "2088"]
[PlyCount "104"]
[EventDate "2024.??.??"]
[TimeControl "90/40+30:0"]

1. d4 {2} g6 {628} 2. e4 {62} Bg7 {43} 3. Nf3 {45} d6 {28} 4. Nc3 {178} Nc6 {
168} 5. h3 {465} e5 {71} 6. Bg5 {373} f6 {522} 7. Be3 {19} Nge7 {239} 8. Bc4 {
656} Bd7 {331} 9. dxe5 {1261} dxe5 {149} 10. a3 {360} Qc8 {310} 11. Qe2 {37}
Be6 {191} 12. Nd5 {143} Bxd5 {34} 13. exd5 {46} Nd8 {29} 14. O-O {124} Nf7 {17}
15. Ba2 {27} O-O {65} 16. c4 {5111} Kh8 {16} 17. c5 {352} c6 {168} 18. d6 {387}
Nf5 {73} 19. Rad1 {307} Qd7 {13} 20. Bd2 {96} h5 {130} 21. g4 {269} hxg4 {154}
22. hxg4 {3} N5h6 {9} 23. Nh4 {64} Kh7 {55} 24. f3 {242} Nh8 {122} 25. Kg2 {105
} Rae8 {3} 26. Rh1 {28} e4 {110} 27. f4 {1} e3 {605} 28. Bc3 {26} Nxg4 {1000}
29. Nf5+ {67} Nh6 {4} 30. Ne7 {50} Rxe7 {148} 31. dxe7 {2} Qxe7 {0} 32. Rd6 {66
} N8f7 {73} 33. Re6 {24} Qxc5 {49} 34. Qxe3 {12} Qf5 {3} 35. Re7 {37} Nd6 {72}
36. Be6 {37} Qc2+ {25} 37. Qf2 {38} Qe4+ {38} 38. Qf3 {22} Qc2+ {5} 39. Qf2 {29
} Qe4+ {7} 40. Kg1 {26} Kh8 {701} 41. Rxh6+ {36} Bxh6 {6} 42. Qh4 {50} Qxf4 {
186} 43. Qh3 {382} Ne4 {187} 44. Be1 {224} Rd8 {755} 45. Bb3 {532} Qg5+ {431}
46. Kh1 {83} Qf4 {142} 47. Bc2 {221} f5 {175} 48. Bxe4 {120} fxe4 {21} 49. Rxb7
{427} Qf3+ {19} 50. Qxf3 {31} exf3 {4} 51. Bc3+ {15} Kg8 {4} 52. Re7 {45} Rd1+
{21} 0-1

[Event "Ch FRA 2024 Open A"]
[Site "ALPE D'HUEZ, France"]
[Date "2024.08.22"]
[Round "6.1"]
[White "RATIER-FONTANA , Matteo"]
[Black "KOLLAR, Romain"]
[Result "1/2-1/2"]
[ECO "A04"]
[WhiteElo "2088"]
[BlackElo "2200"]
[PlyCount "29"]
[EventDate "2024.??.??"]
[TimeControl "90/40+30:0"]

1. Nf3 {3} c5 {22} 2. g3 {12} g6 {14} 3. Bg2 {6} Bg7 {10} 4. O-O {10} Nc6 {16}
5. d3 {39} d6 {58} 6. c4 {85} Nh6 {34} 7. Nc3 {114} Nf5 {158} 8. Bd2 {95} O-O {
8} 9. Rb1 {16} b6 {188} 10. a3 {171} Bb7 {25} 11. b4 {50} Qd7 {48} 12. e3 {543}
Rad8 {347} 13. Qe2 {393} e6 {212} 14. Rfc1 {35} Ba8 {258} 15. Qf1 {241} 1/2-1/2

[Event "Ch FRA 2024 Open A"]
[Site "ALPE D'HUEZ, France"]
[Date "2024.08.22"]
[Round "6.2"]
[White "RACHID, Alexandre"]
[Black "ORIEUX, Etienne"]
[Result "1/2-1/2"]
[ECO "C02"]
[WhiteElo "2167"]
[BlackElo "2138"]
[PlyCount "134"]
[EventDate "2024.??.??"]
[TimeControl "90/40+30:0"]

1. e4 {2} e6 {20} 2. d4 {12} d5 {9} 3. e5 {9} c5 {11} 4. c3 {5} Nc6 {7} 5. Nf3
{5} Bd7 {5} 6. Be2 {30} Nge7 {8} 7. Na3 {44} cxd4 {14} 8. cxd4 {5} Nf5 {4} 9.
Nc2 {19} Qb6 {5} 10. O-O {23} Na5 {6} 11. Ne3 {948} Nxe3 {90} 12. fxe3 {3} Be7
{55} 13. Bd2 {778} Bb5 {274} 14. Bxa5 {383} Qxa5 {121} 15. Bxb5+ {31} Qxb5 {6}
16. Qb3 {10} Qxb3 {368} 17. axb3 {323} Kd7 {44} 18. Ne1 {51} f5 {697} 19. Nd3 {
67} Rhc8 {108} 20. b4 {180} Rc2 {411} 21. Rf2 {119} Rc4 {299} 22. Nc5+ {126}
Bxc5 {24} 23. bxc5 {3} Rb4 {57} 24. g4 {389} g6 {103} 25. gxf5 {13} exf5 {473}
26. Ra2 {440} a6 {34} 27. Kg2 {68} Rf8 {152} 28. Ra5 {863} Kc6 {92} 29. Kg3 {
132} g5 {169} 30. h4 {110} f4+ {603} 31. Kg4 {17} fxe3 {152} 32. Rxf8 {289} e2
{98} 33. Ra1 {253} Rxd4+ {102} 34. Kf3 {46} Rd1 {34} 35. Kxe2 {13} Rxa1 {5} 36.
e6 {4} Ra4 {27} 37. Rc8+ {176} Kb5 {17} 38. Kd3 {119} Re4 {43} 39. hxg5 {5}
Rxe6 {52} 40. Kd4 {1257} Rc6 {0} 41. Rb8 {47} Rc7 {65} 42. Rd8 {88} Rxc5 {38}
43. Rd7 {121} Rc4+ {465} 44. Kxd5 {118} Rc5+ {7} 45. Ke6 {63} Rxg5 {250} 46.
Rxb7+ {5} Kc4 {35} 47. Rxh7 {5} Rb5 {82} 48. Ra7 {148} a5 {56} 49. Kd6 {16} Kb4
{100} 50. Kc6 {52} a4 {17} 51. Ra6 {68} Rc5+ {30} 52. Kd6 {38} Rh5 {97} 53.
Rb6+ {70} Kc4 {34} 54. Rb8 {49} Rh6+ {57} 55. Ke5 {39} Rh2 {91} 56. Ke4 {115}
Re2+ {15} 57. Kf3 {42} Re5 {108} 58. Rb7 {29} Re8 {121} 59. Rb6 {13} Re7 {33}
60. Rb8 {6} Re1 {7} 61. Kf2 {17} Re5 {44} 62. Kf3 {14} Rb5 {118} 63. Rxb5 {12}
Kxb5 {4} 64. Ke2 {4} Kb4 {6} 65. Kd1 {3} Kb3 {23} 66. Kc1 {3} a3 {9} 67. bxa3 {
2} Kxa3 {7} 1/2-1/2

[Event "Ch FRA 2024 Open A"]
[Site "ALPE D'HUEZ, France"]
[Date "2024.08.22"]
[Round "6.3"]
[White "SAYA, Ethan"]
[Black "AMOYAL, Pierre"]
[Result "1-0"]
[ECO "C03"]
[WhiteElo "2195"]
[BlackElo "1999"]
[PlyCount "87"]
[EventDate "2024.??.??"]
[TimeControl "90/40+30:0"]

1. e4 {1509} e6 {75} 2. d4 {11} d5 {59} 3. Nd2 {152} Be7 {174} 4. Ngf3 {349} c5
{708} 5. exd5 {211} Qxd5 {189} 6. Bc4 {164} Qd8 {36} 7. dxc5 {90} Bxc5 {61} 8.
Qe2 {368} Nf6 {870} 9. Ne4 {126} Nbd7 {119} 10. Neg5 {298} Nb6 {801} 11. Bb5+ {
212} Bd7 {68} 12. Ne5 {13} O-O {43} 13. Nxd7 {93} Nbxd7 {13} 14. O-O {71} Qc7 {
86} 15. Ne4 {202} Nxe4 {62} 16. Qxe4 {2} Nf6 {10} 17. Qh4 {121} Qe5 {280} 18.
Bd3 {67} Qh5 {42} 19. Qxh5 {68} Nxh5 {8} 20. Be4 {59} Rab8 {219} 21. Bf3 {132}
Nf6 {7} 22. Bf4 {7} Rbd8 {48} 23. Bxb7 {40} Rd4 {115} 24. Be3 {79} Rc4 {13} 25.
Ba6 {1} Rxc2 {128} 26. Bd3 {1} Bxe3 {16} 27. Bxc2 {1} Bd4 {12} 28. Rab1 {31}
Rc8 {19} 29. Rbc1 {193} Rb8 {24} 30. b3 {12} g6 {58} 31. Bd3 {111} Rd8 {188}
32. h3 {283} Kg7 {139} 33. Rfd1 {28} e5 {46} 34. Kf1 {79} Nd5 {99} 35. Be4 {53}
Nf6 {27} 36. Bf3 {63} Rd7 {232} 37. Rc4 {70} Rd6 {81} 38. Rc7 {182} Ra6 {41}
39. Rd2 {27} Re6 {148} 40. Rb7 {100} Ne8 {99} 41. Bd5 {224} Rf6 {28} 42. Rd7 {
231} Nd6 {260} 43. Rc2 {386} e4 {628} 44. Bxe4 {104} 1-0

[Event "Ch FRA 2024 Open A"]
[Site "ALPE D'HUEZ, France"]
[Date "2024.08.22"]
[Round "6.4"]
[White "GRIGORIAN, Roudolph"]
[Black "ERNST, Luca"]
[Result "1-0"]
[ECO "B33"]
[WhiteElo "2069"]
[BlackElo "2185"]
[PlyCount "111"]
[EventDate "2024.??.??"]
[TimeControl "90/40+30:0"]

1. e4 {2} c5 {4} 2. Nf3 {9} Nc6 {5} 3. d4 {7} cxd4 {4} 4. Nxd4 {9} Nf6 {3} 5.
Nc3 {9} e5 {6} 6. Ndb5 {49} d6 {7} 7. Bg5 {14} a6 {6} 8. Na3 {6} b5 {3} 9. Nd5
{8} Be7 {4} 10. Bxf6 {54} Bxf6 {9} 11. c3 {17} Ne7 {5} 12. Nxf6+ {293} gxf6 {6}
13. Nc2 {13} Bb7 {5} 14. Bd3 {92} d5 {6} 15. Qe2 {127} f5 {7} 16. exf5 {19} e4
{6} 17. f6 {4} Nf5 {2} 18. g4 {257} Nd6 {813} 19. Qe3 {522} Qxf6 {177} 20. Be2
{30} O-O {491} 21. h4 {483} a5 {439} 22. Nd4 {1943} b4 {889} 23. Qg5+ {2} Qxg5
{673} 24. hxg5 {2} bxc3 {229} 25. bxc3 {2} Rac8 {159} 26. Rh6 {137} Rfd8 {51}
27. Rb1 {543} Rc7 {559} 28. Kf1 {617} Bc8 {355} 29. Kg2 {84} f6 {329} 30. g6 {
768} Rg7 {0} 31. Rbh1 {74} Rxg6 {25} 32. Rxh7 {54} Nf7 {0} 33. Kg3 {24} f5 {105
} 34. Kf4 {38} fxg4 {91} 35. Nf5 {108} Bxf5 {80} 36. Kxf5 {1} Rdd6 {76} 37. Kf4
{52} g3 {270} 38. fxg3 {2} Rdf6+ {7} 39. Ke3 {7} Rxg3+ {7} 40. Kd4 {5} Rf2 {147
} 41. R7h2 {244} Rf5 {292} 42. c4 {123} Rgg5 {344} 43. c5 {92} Rg3 {365} 44. c6
{238} Ng5 {129} 45. Rh6 {1} Nf3+ {1032} 46. Bxf3 {326} Rgxf3 {7} 47. c7 {35}
Rd3+ {80} 48. Kc5 {2} Rc3+ {13} 49. Kd6 {3} Kf7 {49} 50. Rh7+ {218} Kf6 {23}
51. Rh8 {308} d4 {36} 52. Rf8+ {71} Kg6 {25} 53. Rg1+ {5} Rg5 {29} 54. Rg8+ {5}
Kf6 {7} 55. R8xg5 {20} e3 {0} 56. Rc5 {10} 1-0

[Event "Ch FRA  2024 Open A"]
[Site "ALPE D'HUEZ, France"]
[Date "2024.08.23"]
[Round "7.1"]
[White "KOLLAR, Romain"]
[Black "GRIGORIAN, Roudolph"]
[Result "1-0"]
[ECO "B90"]
[WhiteElo "2200"]
[BlackElo "2069"]
[PlyCount "135"]
[EventDate "2024.??.??"]
[TimeControl "90/40+30:0"]

1. e4 {5} c5 {41} 2. Nf3 {9} d6 {8} 3. d4 {19} cxd4 {12} 4. Nxd4 {7} Nf6 {2} 5.
Nc3 {17} a6 {3} 6. f3 {34} e5 {23} 7. Nb3 {8} Be6 {5} 8. Be3 {17} h5 {14} 9.
Qd2 {13} Nbd7 {83} 10. O-O-O {31} Rc8 {15} 11. Kb1 {119} Be7 {25} 12. Nd5 {242}
Nxd5 {11} 13. exd5 {5} Bf5 {6} 14. Bd3 {35} Bxd3 {7} 15. cxd3 {6} Nf6 {832} 16.
d4 {227} e4 {216} 17. fxe4 {455} Nxe4 {63} 18. Qd3 {33} f5 {388} 19. Nd2 {404}
Nxd2+ {14} 20. Bxd2 {34} O-O {41} 21. Rhe1 {84} Bg5 {1137} 22. Bc3 {568} Bh6 {
608} 23. Re6 {482} Qh4 {299} 24. Bb4 {938} Qg5 {694} 25. Qf1 {995} f4 {232} 26.
Qf3 {19} Qf5+ {319} 27. Ka1 {46} Rc2 {659} 28. Bxd6 {61} Rfc8 {9} 29. Bc5 {7}
b6 {233} 30. Rxb6 {57} g6 {1} 31. a3 {124} Bg7 {20} 32. d6 {146} Bxd4 {268} 33.
Bxd4 {32} Rc1+ {6} 34. Rxc1 {23} Rxc1+ {1} 35. Ka2 {6} Qb1+ {18} 36. Kb3 {4}
Qc2+ {24} 37. Kb4 {8} Qc4+ {22} 38. Ka5 {6} Qxd4 {50} 39. Qb3+ {356} Kh7 {82}
40. Qf7+ {68} Kh6 {2} 41. Qf8+ {115} Kg5 {0} 42. Qe7+ {24} Kh6 {2} 43. Kxa6 {
1057} Qh8 {1187} 44. Ka7 {336} Rc8 {109} 45. Qb7 {14} Rd8 {204} 46. Qd5 {143}
Qe8 {136} 47. b3 {340} Qd7+ {62} 48. Ka6 {9} Qc8+ {22} 49. Ka5 {86} Qc3+ {48}
50. Kb5 {6} Rd7 {43} 51. Rb7 {76} Rxb7+ {91} 52. Qxb7 {6} Qxb3+ {3} 53. Kc6 {25
} Qxa3 {129} 54. d7 {310} Qc3+ {7} 55. Kd6 {29} Qf6+ {30} 56. Kc7 {21} Qe5+ {3}
57. Kc8 {15} Qe6 {47} 58. Qb5 {149} h4 {63} 59. Kc7 {37} Qf7 {36} 60. Qd3 {55}
Qe7 {121} 61. Qd4 {34} h3 {61} 62. gxh3 {163} Qf7 {78} 63. Kc8 {48} Qf5 {4} 64.
Kc7 {89} Qf7 {3} 65. Qe4 {52} f3 {54} 66. Kc8 {31} f2 {117} 67. d8=Q {25} Kh5 {
30} 68. Qeh4# {13} 1-0

[Event "Ch FRA  2024 Open A"]
[Site "ALPE D'HUEZ, France"]
[Date "2024.08.23"]
[Round "7.2"]
[White "ORIEUX , Etienne"]
[Black "SAYA, Ethan"]
[Result "1/2-1/2"]
[ECO "C09"]
[WhiteElo "2138"]
[BlackElo "2195"]
[PlyCount "115"]
[EventDate "2024.??.??"]
[TimeControl "90/40+30:0"]

1. e4 {19} e6 {1272} 2. d4 {12} d5 {4} 3. Nd2 {8} c5 {56} 4. exd5 {6} exd5 {24}
5. Ngf3 {19} Nc6 {64} 6. Bb5 {47} Bd6 {43} 7. dxc5 {22} Bxc5 {11} 8. O-O {10}
Nge7 {27} 9. Nb3 {25} Bb6 {178} 10. Re1 {68} O-O {76} 11. Be3 {136} Bc7 {437}
12. Bc5 {107} Re8 {222} 13. Nbd4 {707} Bd7 {78} 14. c3 {646} Ng6 {338} 15.
Rxe8+ {0} Qxe8 {913} 16. Nxc6 {50} bxc6 {60} 17. Bf1 {11} Nf4 {477} 18. Qd2 {
327} Qe6 {552} 19. Re1 {512} Qf5 {15} 20. Be3 {979} a5 {264} 21. Qd4 {366} Bd6
{495} 22. Bxf4 {424} Qxf4 {2} 23. Qxf4 {16} Bxf4 {1} 24. c4 {61} Rd8 {271} 25.
cxd5 {97} cxd5 {4} 26. Rd1 {35} Bg4 {221} 27. Rd4 {130} Bxf3 {1} 28. Rxf4 {20}
Be4 {15} 29. f3 {21} Bb1 {22} 30. Rd4 {400} Bxa2 {8} 31. Ra4 {49} Bb1 {28} 32.
Rxa5 {181} d4 {8} 33. Ra1 {58} Bc2 {19} 34. Be2 {4} d3 {78} 35. Bd1 {0} Rb8 {17
} 36. b4 {56} g5 {116} 37. Bxc2 {18} dxc2 {3} 38. Rc1 {7} Rc8 {40} 39. b5 {13}
Kg7 {12} 40. b6 {11} h5 {42} 41. b7 {50} Rb8 {0} 42. Rxc2 {10} Rxb7 {0} 43. Kf2
{117} Kg6 {0} 44. g3 {0} Rb6 {0} 45. Kg2 {0} f5 {0} 46. Ra2 {0} Kf6 {7} 47. Re2
{13} Re6 {33} 48. Ra2 {45} g4 {41} 49. fxg4 {97} hxg4 {8} 50. h3 {11} gxh3+ {46
} 51. Kxh3 {5} Re3 {15} 52. Kg2 {18} Kg5 {6} 53. Rb2 {22} Kg4 {17} 54. Rb4+ {5}
Re4 {9} 55. Rxe4+ {13} fxe4 {2} 56. Kf2 {8} e3+ {1} 57. Kxe3 {7} Kxg3 {0} 58.
Ke4 {11} 1/2-1/2

[Event "Ch FRA  2024 Open A"]
[Site "ALPE D'HUEZ, France"]
[Date "2024.08.23"]
[Round "7.3"]
[White "RATIER-FONTANA, Matteo"]
[Black "RACHID, Alexandre"]
[Result "1/2-1/2"]
[ECO "A04"]
[WhiteElo "2088"]
[BlackElo "2167"]
[PlyCount "61"]
[EventDate "2024.??.??"]
[TimeControl "90/40+30:0"]

1. Nf3 {358} c5 {22} 2. e3 {9} g6 {64} 3. d4 {103} cxd4 {30} 4. exd4 {7} Nf6 {
33} 5. Be2 {115} Bg7 {39} 6. O-O {16} O-O {59} 7. c3 {50} d5 {322} 8. Bf4 {91}
Nc6 {58} 9. Nbd2 {67} Bg4 {236} 10. h3 {141} Bxf3 {23} 11. Nxf3 {41} e6 {105}
12. Re1 {489} Qb6 {742} 13. Qb3 {112} Nd7 {47} 14. Bf1 {206} Rfc8 {37} 15. Rab1
{356} Na5 {445} 16. Qa4 {61} Qd8 {52} 17. Bb5 {414} Nf6 {71} 18. Ne5 {47} a6 {
30} 19. Bd3 {7} b5 {28} 20. Qd1 {37} Nc6 {83} 21. a3 {282} Nxe5 {752} 22. Bxe5
{47} Nd7 {177} 23. Bf4 {275} Qb6 {273} 24. h4 {83} h5 {554} 25. Bg5 {133} Bf6 {
71} 26. g4 {184} Bxg5 {31} 27. hxg5 {6} hxg4 {323} 28. Qxg4 {83} Kg7 {7} 29.
Re3 {44} Rh8 {770} 30. Rbe1 {202} Rae8 {11} 31. Kg2 {980} 1/2-1/2

[Event "Ch FRA  2024 Open A"]
[Site "ALPE D'HUEZ, France"]
[Date "2024.08.23"]
[Round "7.4"]
[White "MATHEZ, Florian"]
[Black "PROFILI, Emilio"]
[Result "1/2-1/2"]
[ECO "C00"]
[WhiteElo "2191"]
[BlackElo "2097"]
[PlyCount "124"]
[EventDate "2024.??.??"]
[TimeControl "90/40+30:0"]

1. e4 {2} e6 {7} 2. d3 {4} c5 {56} 3. Nf3 {5} Nc6 {8} 4. g3 {4} d5 {79} 5. Qe2
{5} Nf6 {7} 6. Bg2 {4} Be7 {38} 7. O-O {7} O-O {370} 8. e5 {44} Nd7 {2} 9. c4 {
5} Re8 {297} 10. Re1 {399} Nf8 {143} 11. h4 {660} a6 {31} 12. Nc3 {223} h6 {945
} 13. h5 {276} Ra7 {1165} 14. Bf4 {252} b6 {129} 15. Rad1 {380} b5 {587} 16. b3
{308} b4 {201} 17. Nb1 {85} a5 {73} 18. Nbd2 {836} a4 {22} 19. Nf1 {9} axb3 {21
} 20. axb3 {4} Ra3 {13} 21. Rb1 {7} Bb7 {214} 22. N1h2 {393} Qa8 {122} 23. Rb2
{266} Na5 {12} 24. Nd2 {73} Rd8 {133} 25. Ng4 {115} dxc4 {93} 26. Bxb7 {6} Qxb7
{6} 27. dxc4 {48} Nh7 {305} 28. Ne3 {365} Nc6 {349} 29. Nc2 {29} Ra7 {130} 30.
Ne4 {56} Qd7 {0} 31. Qe3 {30} Ra5 {121} 32. Kg2 {244} Qd3 {50} 33. g4 {224}
Qxe3 {272} 34. Rxe3 {49} Rd1 {2} 35. Re1 {41} Rd3 {18} 36. Re3 {8} Rd7 {121}
37. Ne1 {459} Ra1 {26} 38. Nd3 {10} Ra5 {254} 39. Bg3 {50} Ng5 {103} 40. Nd2 {
256} f6 {25} 41. f4 {140} Nf7 {8} 42. Ne4 {243} fxe5 {177} 43. fxe5 {612} Rd4 {
11} 44. Rbe2 {224} Ng5 {354} 45. Nf4 {315} Ra1 {339} 46. Ng6 {19} Nxe4 {158}
47. Rxe4 {88} Rxe4 {38} 48. Rxe4 {6} Ra2+ {70} 49. Bf2 {66} Bg5 {21} 50. Kf1 {
58} Rb2 {20} 51. Bxc5 {57} Rxb3 {1} 52. Re2 {16} Rf3+ {108} 53. Kg2 {10} Rd3 {
44} 54. Rf2 {49} Rd2 {26} 55. Kf1 {116} Rd8 {276} 56. Rb2 {49} Bc1 {66} 57. Rb1
{18} Bd2 {71} 58. Ne7+ {148} Nxe7 {1} 59. Bxe7 {4} Rc8 {20} 60. Ke2 {33} Bc3 {
14} 61. c5 {43} Bxe5 {201} 62. Rxb4 {13} Rc7 {108} 1/2-1/2